 Dungeon Crawl Stone Soup version 0.21.1-1-g345015f (webtiles) character file.

10 Mirai the Sneak (level 2, 0/15 HPs)
             Began as a Kobold Enchanter on Apr 24, 2018.
             Slain by a jackal (1 damage)
             ... on level 1 of the Dungeon.
             The game lasted 00:00:55 (304 turns).

Mirai the Sneak (Kobold Enchanter)                   Turns: 304, Time: 00:00:55

Health: 0/15       AC:  2    Str:  5    XL:     2   Next: 30%
Magic:  5/5        EV: 15    Int: 16    God:
Gold:   23         SH:  0    Dex: 15    Spells: 2/5 levels left

rFire    . . .     SeeInvis .   a - +1 dagger
rCold    . . .     Gourm    .   (shield restricted)
rNeg     . . .     Faith    .   b - +0 robe
rPois    .         Spirit   .   (no helmet)
rElec    .         Reflect  .   (no cloak)
rCorr    .         Harm     .   (no gloves)
MR       .....                  (no boots)
Stlth    +++.......             (no amulet)
HPRegen  0.05/turn              (no ring)
MPRegen  0.09/turn              (no ring)

@: no status effects
A: small, carnivore
a: no special abilities


You were on level 1 of the Dungeon.
You were not hungry.

You visited 1 branch of the dungeon, and saw 1 of its levels.

You collected 23 gold pieces.

Inventory:

Hand Weapons
 a - a +1 dagger (weapon)
Armour
 b - a +0 robe (worn)
Scrolls
 e - a scroll of identify {unknown}
 f - a scroll of fear {unknown}
 g - a scroll of amnesia {unknown}
 h - a scroll of noise {unknown}
 j - a scroll of immolation {unknown}
Books
 c - a book of Maledictions

   Spells                             Type                      Level
   a - Corona                         Hexes                        1
   b - Ensorcelled Hibernation        Hexes/Ice                    2
   c - Confuse                        Hexes                        3
   d - Tukima's Dance                 Hexes                        3
   e - Dazzling Spray                 Conjuration/Hexes            3
Comestibles
 d - a ration


   Skills:
 + Level 1.8 Short Blades
 + Level 2.6 Dodging
 + Level 4.2 Stealth
 + Level 2.3 Spellcasting
 + Level 3.1 Hexes


You had 2 spell levels left.
You knew the following spells:

 Your Spells              Type           Power        Failure   Level  Hunger
a - Corona                Hex            ##.....      5%          1    #......
b - Ensorcelled Hibernat  Hex/Ice        #.....       16%         2    ###....


Dungeon Overview and Level Annotations

Branches:
Dungeon (1/15)

Altars:


Innate Abilities, Weirdness & Mutations

You are small and have problems with some larger weapons.
You are carnivorous and can eat meat at any time.


Message History

The frilled lizard misses you.
You hit the jackal but do no damage.
The jackal is heavily wounded.
The jackal bites you.
You closely miss the jackal.
The jackal is heavily wounded.
The frilled lizard barely misses you. The jackal bites you.
You miss the frilled lizard. The jackal closely misses you.
The frilled lizard misses you. The jackal bites you.
You hit the frilled lizard.
You kill the frilled lizard!
The jackal bites you.
* * * LOW HITPOINT WARNING * * *
The jackal bites you but does no damage.
The jackal bites you.
* * * LOW HITPOINT WARNING * * *
The jackal completely misses you.
The jackal bites you but does no damage.
The jackal bites you.
You die...

#.....#.###########)......
#.......# .####.......
#.....### #. #.##.#.......
###...### .##.##.#.......
#.#...# ...##.########
####.#...#####..##.#
#........##.....##.#
#........##...#.##.#
#.......hh@...#....##
###########.........#
#.........# #.........##
#..........## #...######..#
#...# ##.# ##### #.#
###########################.##


You could see 2 jackals.

Vanquished Creatures
  A leopard gecko (D:1)
  A goblin (D:1)
  A jackal (D:1)
  A kobold (D:1)
  2 bats (D:1)
  A frilled lizard (D:1)
  3 rats (D:1)
10 creatures vanquished.

Notes
Turn   | Place    | Note
-------+----------+-------------------------------------------
     0 | D:1      | Mirai the Kobold Enchanter began the quest for the Orb.
     0 | D:1      | Reached XP level 1. HP: 10/10 MP: 3/3
     6 | D:1      | Noticed a spriggan
     6 | D:1      | Noticed a troll
     8 | D:1      | Noticed a centaur
     8 | D:1      | Noticed a felid
    10 | D:1      | Noticed a vine stalker
    10 | D:1      | Noticed a halfling
    12 | D:1      | Noticed a demigod
    12 | D:1      | Noticed an octopode
    14 | D:1      | Noticed a minotaur
    14 | D:1      | Noticed a draconian
    16 | D:1      | Noticed a human
    18 | D:1      | Noticed a ghoul
    18 | D:1      | Noticed a demonspawn
    20 | D:1      | Noticed a gargoyle
    22 | D:1      | Noticed a tengu
    22 | D:1      | Noticed an ogre
    24 | D:1      | Noticed an elf
    24 | D:1      | Noticed a vampire
    26 | D:1      | Noticed a merfolk
    28 | D:1      | Noticed a dwarf
    30 | D:1      | Noticed a formicid
    30 | D:1      | Noticed a naga
   210 | D:1      | Reached XP level 2. HP: 10/15 MP: 5/5
   218 | D:1      | Learned a level 2 spell: Ensorcelled Hibernation
   304 | D:1      | Slain by a jackal

Action                   || total
-------------------------++-------
Melee: Dagger            ||    44
 Stab: Sleeping          ||     2
  Eat: Chunk             ||     1
Armor: Robe              ||    14
Dodge: Dodged            ||    86
